 Dungeon Crawl Stone Soup version 0.20-a0-1122-gb7cbeb9 (webtiles) character file.

370 inmateoo the Sneak (level 6, -2/32 HPs)
             Began as a Vine Stalker Assassin on May 12, 2017.
             Was an Initiate of Dithmenos.
             Slain by a two-headed ogre
             ... wielding a +0 great mace
              (12 damage)
             ... on level 9 of the Dungeon.
             The game lasted 00:05:02 (2109 turns).

inmateoo the Sneak (Vine Stalker Assassin)          Turns: 2109, Time: 00:05:03

Health: -2/32      AC:  4    Str: 13    XL:     6   Next: 70%
Magic:  0/7        EV: 13    Int: 11    God:    Dithmenos [......]
Gold:   193        SH:  0    Dex: 18    Spells: 5/5 levels left

rFire    + . .     SeeInvis .   a - +3 dagger
rCold    + . .     Gourm    .   (no shield)
rNeg     . . .     Faith    .   c - +0 robe
rPois    .         Spirit   +   o - +2 hat
rElec    .         Reflect  .   s - scarf {rC+ rF+}
rCorr    .         Harm     .   (no gloves)
MR       .....                  (no boots)
Stlth    ++++......             p - amulet of magic regeneration
Regen    0.5/turn               (no ring)
MPRegen  0.2/turn               (no ring)

@: no status effects
A: fangs 2, regeneration 1, magic shield, antimagic bite, no potion heal 3, rot
immunity
a: Renounce Religion


You were on level 9 of the Dungeon.
You worshipped Dithmenos.
Dithmenos was noncommittal.
You were near starving.

You visited 1 branch of the dungeon, and saw 5 of its levels.

You collected 193 gold pieces.

Inventory:

Hand Weapons
 a - a +3 dagger (weapon)
 b - a +0 blowgun
Missiles
 e - 17 poisoned needles
 f - 2 curare-tipped needles
Armour
 c - a +0 robe (worn)
 d - a +0 cloak
 o - a +2 hat (worn)
 s - a scarf of resistance (worn)
Jewellery
 l - a cursed amulet of inaccuracy {unknown}
 p - an amulet of magic regeneration (around neck)
Scrolls
 j - a scroll of amnesia {unknown}
 k - 2 scrolls of remove curse
 m - a scroll of fog
 r - a scroll of fear {unknown}
Potions
 h - a potion of might
 i - a potion of heal wounds {unknown}
 n - a potion of agility {unknown}
 q - a potion of invisibility
 t - 2 potions of brilliance {unknown}
Comestibles
 g - 2 bread rations


   Skills:
 + Level 2.8 Fighting
 * Level 3.7 Short Blades
 + Level 2.8 Throwing
 + Level 1.9 Dodging
 * Level 6.7 Stealth


You had 5 spell levels left.
You didn't know any spells.

Dungeon Overview and Level Annotations

Branches:
Dungeon (6/15)
 Temple: D:4-7

Altars:
Dithmenos
Kikubaaqudgha
Trog
Vehumet

Annotations:
D:3 Agrougrou's ghost, amateur DsFi


Innate Abilities, Weirdness & Mutations

You have extremely sharp teeth.
Your natural rate of healing is unusually fast.
When hurt, damage is shared between your health and your magic reserves.
Your bite disrupts and absorbs the magic of your enemies.
Potions cannot restore your health.
You are immune to rotting.


Message History

You destroy the phantom!
Dithmenos accepts your kill.
You fall through a shaft for 3 floors!
The shaft crumbles and collapses.
A two-headed ogre comes into view.
It is wielding a great mace and a giant club.
Found a robe, a quarterstaff and a sapphire potion.
Found two stone staircases leading down.
The helpless two-headed ogre fails to defend itself.
You perforate the two-headed ogre like a sieve!!!
The two-headed ogre is severely wounded.
You hit the two-headed ogre.
The two-headed ogre is severely wounded.
The two-headed ogre hits you but does no damage.
The two-headed ogre hits you with a giant club!!
Ouch! That really hurt!
You hit the two-headed ogre but do no damage.
You bite the two-headed ogre, but do no damage.
The two-headed ogre is severely wounded.
The two-headed ogre hits you with a great mace!
You die...

...# >...#
.....# ..>...#
.......##
........##
.........#
......[@.#
......O.......#
.............##
.....).......#
.....!......##
.............#
.............#
............##


You could see a two-headed ogre.

Vanquished Creatures
  A phantom (D:6)
  An ogre (D:6)
  A centaur (D:6)
  A worker ant (D:6)
  3 adders
  A gnoll (D:1)
  2 worms (D:2)
  2 dart slugs
  3 leopard geckos
  7 bats
  A giant cockroach (D:2)
  5 goblins
  11 hobgoblins
  7 kobolds
  2 ball pythons (D:2)
  4 frilled lizards
  4 rats
56 creatures vanquished.

Notes
Turn   | Place    | Note
-------+----------+-------------------------------------------
     0 | D:1      | inmateoo the Vine Stalker Assassin began the quest for the Orb.
     0 | D:1      | Reached XP level 1. HP: 11/11 MP: 2/2
    86 | D:1      | Reached skill level 1 in Dodging
   122 | D:1      | Reached XP level 2. HP: 15/15 MP: 3/3
   432 | D:1      | Reached skill level 5 in Stealth
   441 | D:1      | Reached XP level 3. HP: 12/18 MP: 4/4
   579 | D:2      | Found a bloodstained altar of Trog.
   812 | D:2      | Found an ancient bone altar of Kikubaaqudgha.
   878 | D:2      | Found a radiant altar of Vehumet.
   918 | D:2      | Gained mutation: Your natural rate of healing is unusually fast. [Vine Stalker growth]
   918 | D:2      | Reached XP level 4. HP: 23/23 MP: 5/5
  1403 | D:2      | Found a shadowy altar of Dithmenos.
  1413 | D:2      | Became a worshipper of Dithmenos the Shadowed
  1539 | D:3      | Noticed Agrougrou's ghost (amateur DsFi)
  1802 | D:3      | HP: 1/23 [Agrougrou's ghost (9)]
  1856 | D:3      | You fall through a shaft for 3 floors!
  1874 | D:6      | Noticed an ogre
  1875 | D:6      | Noticed a black bear
  1962 | D:6      | Killed an ogre
  1962 | D:6      | Reached skill level 6 in Stealth
  1962 | D:6      | Reached XP level 5. HP: 27/27 MP: 6/6
  1965 | D:6      | Noticed a centaur
  1983 | D:6      | Killed a centaur
  1983 | D:6      | Reached XP level 6. HP: 21/32 MP: 4/7
  2059 | D:6      | Noticed a phantom
  2095 | D:6      | Killed a phantom
  2106 | D:6      | You fall through a shaft for 3 floors!
  2106 | D:9      | Noticed a two-headed ogre
  2109 | D:9      | Slain by a two-headed ogre

Vault maps used:
D:1:      dpeg_arrival_pond
D:2:      cheibrodos_greedy_goblins, kiku_gazebo_garden_becter,
          vehumet_crystals, lemuel_round_altar, bloody_trog,
          serial_co_window_serial, co_window_corner_a, co_window_corner_a,
          co_window_corner_a, co_window_paths_b, co_window_paths_a,
          co_window_paths_c, co_window_cross_2, co_window_of_opportunity_c,
          co_window_paths_c, co_window_broadway_a, co_window_paths_c,
          glass_columns_b, glass_columns_c, glass_columns_b, first_bread
D:3:      kb_forest_paths, columned_hall_lemuel, grunt_decor_arrowhead
D:6:      grunt_ministairs_2, hangedman_abyss_or_decor_passed,
          nemelex_diamond_rough_becter

Skill      XL: |  1  2  3  4 |
---------------+-------------+-----
Dodging        | 1 |  1.9
Short Blades   | 2 3 |  3.7
Throwing       | 2 |  2.8
Stealth        | 5 6 |  6.7
Fighting       | 2 |  2.8

Action                   |  1- 3 |  4- 6 || total
-------------------------+-------+-------++-------
Melee: Dagger            |    51 |   118 ||   169
       Bite              |    12 |    35 ||    47
 Fire: Blowgun           |       |     4 ||     4
  Use: Scroll            |     8 |       ||     8
 Stab: Sleeping          |    14 |     7 ||    21
  Eat: Chunk             |       |     2 ||     2
Armor: Robe              |     9 |    29 ||    38
Dodge: Dodged            |    17 |    74 ||    91
